Ben, chaotic male elven Wizard ---------- -------------- |........-# ------------- #######-............| |........|# |...........| # |............-# |........+#######............| -----------0#0 |............|# #.........|### |...........| |..........# |............|####-.-------- # |...........| |.........| --.-----------## ## #####............| #...........# ### # # ------------- #-----------# ## ### ### ### # #### # # # # # # # ### # # ### # # # -------# # # #%##########[#######0 ### |?.f..|# ## #-------+--------############### |!).%.|# #|..............| ### --.----- |.[*@@-# #|..............| # |......| ------- #-.......<......| ###|...>..| |..............| #-......| ---------------- -------- Ben the Conjurer Experience level: 3 Strength: 12 Dexterity: 13 Constitution: 15 Intelligence: 18 Wisdom: 10 Charisma: 9 Health: 0(25) Energy: 18(33) AC: 8 Gold: 0 Moves: 1129 Your Inventory: Weapons a - a blessed +1 quarterstaff (weapon in hands) Armor b - an uncursed +0 cloak of magic resistance (being worn) p - an uncursed +0 orcish helm (being worn) z - an [uncursed +0] orcish cloak Scrolls i - 2 uncursed scrolls of destroy armor j - an uncursed scroll of scare monster k - a blessed scroll of teleportation r - an [uncursed] scroll labeled ELAM EBOW [of light] s - an [uncursed] scroll labeled PHOL ENDE WODAN [of gold detection] Spellbooks l - a blessed spellbook of force bolt m - an uncursed spellbook of detect food Potions f - an uncursed potion of levitation g - an uncursed potion of healing o - 2 uncursed potions of monster detection A - an [uncursed] dark green potion [of confusion] B - a [blessed] smoky potion [of enlightenment] Rings d - an uncursed ring of searching (on right hand) e - an uncursed ring of regeneration (on left hand) Wands c - an uncursed wand of slow monster (0:5) Tools n - an uncursed bugle u - an [uncursed] key [skeleton key] x - an [uncursed] key [skeleton key] Spells known in the end: Name Level Category Fail Memory a - force bolt 1 attack 0% [||||||||] b - detect food 2 divination 67% [||||||||] Your skills at the end: Fighting Skills Weapon Skills quarterstaff [Basic / Expert] Spellcasting Skills attack spells [Basic / Expert] enchantment spells [Basic / Skilled] Final Attributes: You were fervently aligned. Hunger level was 140. Your alignment was 13 / 15. Monster difficulty range was 0 - 2. Level difficulty was 2. You were magic-protected. You saw invisible. You had automatic searching. You had infravision. You regenerated. Your luck was zero. You are dead. Vanquished creatures: a gas spore a yellow mold a red mold a gecko 6 jackals 2 goblins a sewer rat 2 grid bugs 2 lichens 2 newts 19 creatures vanquished. Voluntary challenges: You were an atheist. You used a wielded weapon 15 times. You read items or engraved 1 time. You put on armor 2 times. You never genocided any monsters. You never polymorphed an object. You never changed form. You used no wishes. You never wrote Elbereth's name. You never encountered a bones level. You never used any Sokoban shortcuts. Dungeon overview: The Dungeons of Doom: levels 1 to 2 Level 1 a long staircase Level 2 <- You were here a general store History has recorded: On T:1 you entered the Dungeons of Doom to retrieve the Amulet of Yendor! On T:527 you advanced to experience level 2. On T:551 you reached level 2 of The Dungeons of Doom. On T:701 you advanced to experience level 3. Latest messages: The spell hits Ouiatchouane. The kitten picks up a slime mold. Ouiatchouane zaps a wand of striking! Boing! You hit Ouiatchouane! Ouiatchouane zaps a wand of striking! Boing! Ouiatchouane hits! (2x) [HP-17=6] You feel much better. The kitten drops a slime mold. Ouiatchouane hits! (2x) [HP+3=9] The spell hits Ouiatchouane. The kitten picks up a potion of extra healing. Ouiatchouane hits! You die... Ouiatchouane takes all your possessions. Final status: Goodbye Ben the Wizard... You died in The Dungeons of Doom on dungeon level 2 with 280 points, and 0 pieces of gold, after 1129 moves. You were level 3 with a maximum of 25 hit points when you died.